AoeStats
← TheQuietRiot

Black Forest

506719037Analyzed
1v1 RM · 18d ago on Sep 14, 2026· 66m 48s· 2 players
Game mode
Random Map
Map size
Tiny (2 player)
Population
200
Speed
Normal
Resources
Standard
Victory
Conquest
Starting age
Dark Age
Ending age
Imperial Age
RankedLock teamsTeams togetherTeam positionsShared explorationLock speedFull tech treeHidden civsTurbo modeCheats
Victory
Defeat
🇬🇧 Teutons · United Kingdom
954
+16
🇺🇸 Georgians · United States
962
-16
TheQuietRiot
10:57 Feudal Age
10:06 Loom
11:31 Double-Bit Axe
17:57 Castle Age
18:37 Horse Collar
19:32 Bow Saw
20:37 Gold Mining
26:34 Imperial Age
24:41 Stone Mining
24:56 Heavy Plow
26:28 Wheelbarrow
28:24 Chemistry
28:31 Fletching
30:47 Hand Cart
30:23 Town Watch
31:54 Padded Archer Armor
33:23 Siege Engineers
37:31 Stone Shaft Mining
39:17 Conscription
39:18 Crenellations
41:07 Crop Rotation
41:42 Two-Man Saw
41:07 Town Patrol
45:16 Pikeman
47:05 Halberdier
47:48 Squires
47:38 Gambesons
47:40 Arson
48:56 Ironclad
49:15 Hoardings
48:13 Sappers
48:28 Elite Skirmisher
49:08 Bodkin Arrow
50:14 Leather Archer Armor
50:01 Scale Mail Armor
50:07 Scale Barding Armor
57:33 Ring Archer Armor
57:17 Forging
57:24 Chain Mail Armor
59:29 Ballistics
60:08 Iron Casting
60:04 Plate Mail Armor
Abominable Joeman
1:59 Loom
11:58 Feudal Age
15:52 Castle Age
15:16 Town Watch
15:50 Double-Bit Axe
16:49 Fletching
16:50 Horse Collar
18:06 Wheelbarrow
17:35 Bodkin Arrow
21:40 Town Watch
22:45 Gold Mining
23:22 Stone Mining
24:11 Guard Tower
25:19 Ballistics
25:05 Husbandry
25:40 Bow Saw
26:30 Padded Archer Armor
26:13 Treadmill Crane
28:40 Masonry
29:12 Scale Barding Armor
30:23 Forging
34:21 Imperial Age
33:06 Svan Towers
33:24 Hand Cart
34:01 Leather Archer Armor
35:47 Keep
36:13 Chemistry
34:58 Arrowslits
35:23 Bracer
36:28 Chemistry
35:21 Arrowslits
36:00 Bloodlines
36:39 Parthian Tactics
36:50 Heavy Plow
37:49 Architecture
38:11 Chain Barding Armor
37:51 Scale Mail Armor
38:31 Iron Casting
38:07 Heavy Cavalry Archer
39:43 Conscription
40:56 Plate Barding Armor
40:09 Elite Monaspa
45:07 Blast Furnace
46:56 Light Cavalry
47:52 Aznauri Cavalry
48:46 Hussar
62:05 Crop Rotation
Connection lost

Rejoining the realm…

Still unreachable

The connection could not be restored.

Session expired

The server has moved on; the page needs a fresh start.